Unix xNetHack Version 8.0.0 - last build Jan 14 2024 16:46:22 (be4d3c81716514284228e1a23197c27ddb32b841). Game began 2024-03-13 12:19:46, ended 2024-03-13 12:28:03. Catomat, neutral female human Wizard --------------- |.............| ------------ |#............| #...........| +...>.........-# #|..........| --------.------# ------------- ##|.....<....| # ## |............#### --------.- - ##### # |...........| ###### ### |...........| ---|---- #--------- |...........| +......| #|.?+%)[%| --.---------- |......| #|.[?)%%?| #)#####[########### .......| #|.?=[?%?| -.--+-+- ## |......| #-@![+%.f| |.......#########.......| |......@| |......| # |......| --------- |....>..## -------- -------- Catomat the Evoker St:7 Dx:13 Co:18 In:18 Wi:11 Ch:8 Neutral S:216 Dlvl:2 $:0 HP:0(24) Pw:3(25) AC:9 Xp:2/29 T:561 Latest messages: Please move the cursor to an unknown object. (For instructions type a '?') Done. You see here 10 rocks (for sale, 70 zorkmids). You see here an angled poleaxe (for sale, 36 zorkmids). "For you, most gracious lady; only 36 zorkmids for this angled poleaxe." p - an angled poleaxe (unpaid, 36 zorkmids) {150}. You see here 10 rocks (for sale, 70 zorkmids). "For you, honored lady; only 7 zorkmids per rock." q - 10 rocks (unpaid, 70 zorkmids) {100}. You see here a can of grease (for sale, 27 zorkmids). Mewmew picks up a copper oval amulet. "For you, esteemed lady; only 27 zorkmids for this can of grease." r - a can of grease (unpaid, 27 zorkmids) {15}. You see here a balsa wand (for sale, 267 zorkmids). "For you, honored lady; only 267 zorkmids for this balsa wand." s - a balsa wand (unpaid, 267 zorkmids) {7}. Mewmew drops a copper oval amulet. You see here a scroll labeled ETAOIN SHRDLU (for sale, 133 zorkmids). Mewmew picks up a copper oval amulet. "For you, esteemed lady; only 133 zorkmids for this scroll labeled ETAOIN SHRDLU." t - a scroll labeled ETAOIN SHRDLU (unpaid, 133 zorkmids) {5}. The small mimic claws you! In what direction? The spell hits the small mimic! Mewmew drops a copper oval amulet. In what direction? The spell hits the small mimic. In what direction? The spell hits the small mimic! The small mimic claws you! You don't have enough energy to cast that spell. Are you waiting to get hit? Use 'm' prefix to force a no-op (to rest). # Are you sure you want to pray? [yn] (n) You begin praying to Thoth. You are surrounded by a shimmering light. You finish your prayer. You feel that Thoth is pleased. You don't have enough energy to cast that spell. You whack the small mimic. What do you want to zap? [os or ?*] In what direction? The small mimic vanishes! Mewmew picks up a copper oval amulet. It claws you! You die... Manlobbi comes and takes all your possessions. Do you want to see what you had when you died? [ynq] (y) Do you want to see your attributes? [ynq] (y) Inventory: Inventory: 588/675 weight (20/52 slots) Weapons a - a blessed +1 quarterstaff (weapon in hands) {40} p - a +1 halberd {150} Armor b - an uncursed +0 cloak of magic resistance (being worn) {8} Comestibles k - an uncursed pancake {2} m - an uncursed lichen corpse {20} Scrolls t - a blessed scroll of gold detection {5} Spellbooks c - a blessed spellbook of force bolt {35} f - an uncursed spellbook of haste self {45} e - an uncursed spellbook of healing {35} l - a blessed spellbook of light {35} d - a blessed spellbook of magic missile {40} Potions i - an uncursed potion of paralysis {20} Rings h - an uncursed ring of teleport control {3} Wands o - a wand of make invisible (0:4) {7} s - a wand of polymorph (0:7) {7} Tools j - an empty uncursed sack {15} r - a can of grease (0:7) {15} g - a magic marker (0:82) {2} n - an uncursed tin opener {4} Gems/Stones q - 10 uncursed rocks {100} Catomat the Wizard's attributes: Background: You were an Evoker, a level 2 female human Wizard. You were neutral, on a mission for Thoth who was opposed by Ptah (lawful) and Anhur (chaotic). You were heterosexual. You were in the Dungeons of Doom, on level 2. You entered the dungeon 561 turns ago. You had 29 experience points, 11 more were needed to attain level 3. Your score was 216 before end-of-game adjustments. Basics: You had 0 out of 24 hit points. You had 3 out of 25 energy points (spell power). Your armor class was 9. Your wallet was empty. Autopickup was on, but temporarily disabled while inside the shop. Final Characteristics: Your strength was 7 (limit:18/100). Your dexterity was 13 (limit:18). Your constitution was 18 (limit:18). Your intelligence was 18 (limit:18). Your wisdom was 11 (limit:18). Your charisma was 8 (limit:18). Final Status: You were not hungry. You were unencumbered. You were wielding a quarterstaff. You had basic skill with quarterstaff. Final Attributes: You were stridently aligned. You were magic-protected. You were warded. You are dead. Miscellaneous: You never encountered a bones level. Total elapsed playing time was 8 minutes and 14 seconds. Major events: Turn 1: Catomat the neutral female human Wizard entered the dungeon 456: entered the Gnomish Mines 561: killed by an invisible small mimic Vanquished creatures: a yellow mold a red mold a jackal a fox 2 goblins 3 grid bugs 2 lichens a kobold zombie a newt 13 creatures vanquished. No species were genocided or became extinct. Voluntary challenges: You read items or engraved 1 time. You never genocided any monsters. You never polymorphed an object. You never changed form. You never touched an artifact. You used no wishes. You never scared an enemy with impunity. You were celibate. You never generated conflict. Achievements: You entered the Gnomish Mines. You entered a shop. Dungeon overview: The Dungeons of Doom: levels 1 to 3 Level 1: A fountain, a tree. Level 2: <- You were here. A general store, a tree. Stairs down to The Gnomish Mines. Final resting place for you, killed by an invisible small mimic. Level 3: A grave, a tree. The Gnomish Mines: Level 3: Game over: __________ / \ / REST \ / IN \ / PEACE \ / \ | Catomat | | 0 Au | | killed by an | | invisible small | | mimic | | | | 2024 | *| * * * | * _________)/\\_//(\/(/\)/\//\/|_)_______ Goodbye Catomat the Wizard... You died in The Dungeons of Doom on dungeon level 2 with 216 points, and 0 pieces of gold, after 561 moves. You were level 2 with a maximum of 24 hit points when you died.